 Dungeon Crawl Stone Soup version 0.30.0-13-g156ef70053 (webtiles) character file.

Game seed: 3069021322657608371

24 thepirateking the Trooper (level 2, 0/24 HPs)
             Began as a Demonspawn Berserker on May 17, 2023.
             Was a Follower of Trog.
             Slain by a gnoll
             ... wielding a +0 club
              (4 damage)
             ... on level 1 of the Dungeon.
             The game lasted 00:06:52 (612 turns).

thepirateking the Trooper (Demonspawn Berserker)     Turns: 612, Time: 00:06:52

Health: 0/24       AC:  6    Str: 17    XL:     2   Next: 79%
Magic:  2/2        EV: 11    Int:  8    God:    Trog [*.....]
Gold:   24         SH:  0    Dex: 12    Spells: 1/1 levels left

rFire   . . .        a - +0 mace
rCold   . . .        (no shield)
rNeg    . . .        e - +0 ring mail
rPois   .            (no helmet)
rElec   .            (no cloak)
rCorr   .            (no gloves)
SInv    .            f - +0 pair of boots
Will    .....        (no amulet)
Stlth   +            (no ring)
HPRegen 0.24/turn    (no ring)
MPRegen 0.08/turn

%: no passive effects
@: no status effects
A: demonic touch 1
a: Renounce Religion, Berserk


You were on level 1 of the Dungeon.
You worshipped Trog.
Trog was aware of your devotion.
You visited 1 branch of the dungeon, and saw 1 of its levels.

You collected 24 gold pieces.

Inventory:

Hand Weapons
 a - a +0 mace (weapon)
Missiles
 j - 2 datura-tipped darts (quivered)
Armour
 b - a +0 animal skin
 d - a +0 robe
 e - a +0 ring mail (worn)
 f - a +0 pair of boots (worn)
 h - an orb of light
Scrolls
 c - a scroll of torment {unknown}
 g - a scroll of amnesia {unknown}
Potions
 i - a potion of lignification {unknown}


   Skills:
 + Level 3.3 Fighting
 + Level 3.2 Maces & Flails
 + Level 1.9 Armour
 + Level 2.0 Dodging
 + Level 0.1 Stealth


You had one spell level left.
You didn't know any spells.
Your spell library contained the following spells:

 Spells                   Type           Power      Damage    Failure   Level
 Ensorcelled Hibernation  Hex/Ice        0%         N/A       75%         2
 Passwall                 Tmut/Erth      0%         N/A       75%         2
 Swiftness                Air            0%         N/A       93%         3


Dungeon Overview and Level Annotations

Branches:
Dungeon (1/15)

Altars:


Innate Abilities, Weirdness & Mutations

Your touch may inflict minor irresistible damage on your foes.


Message History

The bat barely misses you. The bat closely misses you.
You closely miss the bat.
You touch the bat.
You kill the bat!
Trog accepts your kill.
Your Dodging skill increases to level 2!
Found 2 datura-tipped darts.
You see here 2 datura-tipped darts.
j - 2 datura-tipped darts
Okay, then.
There is a stone staircase leading down here.
A hobgoblin comes into view.
Found a silvery potion and a scroll labelled PYITAE UXZEGA.
The hobgoblin shouts!
A gnoll comes into view. It is wielding a +0 club.
The gnoll shouts!
The hobgoblin hits you but does no damage.
The hobgoblin misses you. The hobgoblin misses you.
The hobgoblin hits you but does no damage.
The hobgoblin hits you. The gnoll attacks as you move away!
The gnoll closely misses you. The hobgoblin attacks as you move away!
The hobgoblin barely misses you.
You closely miss the gnoll.
You touch the gnoll!
The gnoll is severely wounded.
The hobgoblin barely misses you. The gnoll closely misses you.
The gnoll hits you with a +0 club! The hobgoblin barely misses you.
You hit the gnoll but do no damage.
The gnoll is severely wounded.
The gnoll hits you with a +0 club. The hobgoblin misses you.
You barely miss the gnoll.
The gnoll is severely wounded.
The gnoll hits you with a +0 club. The hobgoblin closely misses you.
You hit the gnoll. Your touch misses the gnoll.
The gnoll is severely wounded.
The hobgoblin barely misses you. The gnoll hits you with a +0 club!
* * * LOW HITPOINT WARNING * * *
You closely miss the gnoll.
The gnoll is severely wounded.
The gnoll hits you with a +0 club.
You die...

#######..[......##....
.......†.........>....
..........#########...
..........# #...
###.......# #...
#.......# #...
#.......# ####
#...g...#####
#..@g.......#
#...........#
#.?!........#
#####.......#
#.......# #.......#
#.......# #.......#


You could see a gnoll and a hobgoblin.

Vanquished Creatures
  A bat (D:1)
  4 endoplasms (D:1)
  3 giant cockroaches (D:1)
  3 goblins (D:1)
  3 quokkas (D:1)
  3 ball pythons (D:1)
  A frilled lizard (D:1)
  3 rats (D:1)
21 creatures vanquished.

Notes
Turn   | Place    | Note
-------+----------+-------------------------------------------
     0 | D:1      | thepirateking the Demonspawn Berserker began the quest for
                  | the Orb.
     0 | D:1      | Reached XP level 1. HP: 18/18 MP: 1/1
    84 | D:1      | Discovered your monstrous ancestry.
    84 | D:1      | Gained mutation: Your touch may inflict minor irresistible
                  | damage on your foes. [demonic ancestry]
    84 | D:1      | Reached XP level 2. HP: 22/24 MP: 2/2
   612 | D:1      | Slain by a gnoll

Illustrated notes

Levels and vault maps discovered:
D:1:      sevenhm_arrival_forest_fort_small_6, layout_basic, minivault_27

Skill      XL: |  1  2 |
---------------+-------+-----
Maces & Flails | 3 |  3.2
Dodging        | 2 |  2.0
Fighting       | |  3.3
Armour         | |  1.9
Stealth        | |  0.1

Action                     || total
---------------------------++-------
  Melee: Mace              ||    55
         Touch             ||     5
 Armour: Animal skin       ||     4
         Ring mail         ||    13
  Dodge: Dodged            ||    49
